[Event "Marshall CC Premier 04-2025"]
[Site "New York"]
[Date "2025.04.06"]
[Round "3.1"]
[White "Chasin, Nico"]
[Black "Muthukumar, Haari"]
[Result "1-0"]
[Annotator "RC"]
[ECO "E10"]
[WhiteElo "2435"]
[BlackElo "2197"]
[PlyCount "75"]
[EventDate "2025.01.03"]
[EventType "swiss"]
[EventCountry "USA"]
[SourceTitle "playchess.com"]
[Source "ChessBase"]
[SourceQuality "1"]
[TimeControl "5400+30"]

1. d4 e6 2. Nf3 Nf6 3. c4 a6 4. g3 b5 5. b3 Bb7 6. Bg2 c5 7. d5 exd5 8. Nh4 g6 9. O-O Bg7 10. Bb2 O-O 11. cxd5 d6 12. e4 Nbd7 13. Re1 Re8 14. Nd2 Qb6 15. Rb1 Rac8 16. h3 Qa7 17. Bf1 Re7 18. Ng2 Ne5 19. Ne3 h5 20. a4 h4 21. g4 Qb6 22. Ng2 Bh6 23. Nf3 Nxf3+ 24. Qxf3 Nd7 25. Nxh4 Rce8 26. Ng2 Bg7 27. Bxg7 Kxg7 28. g5 f6 29. h4 Qa5 30. axb5 axb5 31. Qg3 Ne5 32. gxf6+ Kxf6 33. f4 Nf7 34. h5 gxh5 35. Nh4 Nh8 36. Nf5 Rh7 37. Nxd6 Rg8 38. e5+ 1-0

[Event "Marshall CC Premier 04-2025"]
[Site "New York"]
[Date "2025.04.06"]
[Round "3.2"]
[White "Hoffman, Luc"]
[Black "Bonin, Jay"]
[Result "1-0"]
[Annotator "RC"]
[ECO "B12"]
[WhiteElo "2211"]
[BlackElo "2110"]
[PlyCount "53"]
[EventDate "2025.01.03"]
[EventType "swiss"]
[EventCountry "USA"]
[SourceTitle "playchess.com"]
[Source "ChessBase"]
[SourceQuality "1"]
[TimeControl "5400+30"]

1. e4 c6 2. d4 a6 3. Bd3 d5 4. Nd2 Nf6 5. c3 dxe4 6. Nxe4 Nxe4 7. Bxe4 Be6 8. Ne2 Bd5 9. Bxd5 cxd5 10. Nf4 e6 11. O-O Be7 12. Qg4 O-O 13. Nh5 g6 14. Bh6 f5 15. Qg3 Bh4 16. Qe5 Rf7 17. Nf4 Nd7 18. Qxe6 Qb6 19. Rae1 Qxb2 20. Nxg6 Bf6 21. Ne5 Bxe5 22. dxe5 Qxa2 23. Re3 f4 24. Qg4+ Kh8 25. e6 fxe3 26. exf7 exf2+ 27. Kh1 1-0

[Event "Marshall CC Premier 04-2025"]
[Site "New York"]
[Date "2025.04.06"]
[Round "3.3"]
[White "Hebbar, Eshaan"]
[Black "Belenky, Nicholas"]
[Result "1/2-1/2"]
[Annotator "RC"]
[ECO "D46"]
[WhiteElo "2175"]
[BlackElo "1958"]
[PlyCount "140"]
[EventDate "2025.01.03"]
[EventType "swiss"]
[EventCountry "USA"]
[SourceTitle "playchess.com"]
[Source "ChessBase"]
[SourceQuality "1"]
[TimeControl "5400+30"]

1. d4 d5 2. c4 e6 3. Nc3 Nf6 4. Nf3 c6 5. e3 Nbd7 6. Qc2 Bd6 7. Bd3 dxc4 8. Bxc4 b5 9. Bd3 Bb7 10. O-O a6 11. e4 e5 12. Rd1 Qc7 13. h3 O-O 14. Be3 c5 15. dxc5 Bxc5 16. Bxc5 Nxc5 17. Rac1 Rac8 18. Qe2 Nxd3 19. Qxd3 Rfd8 20. Qe3 Qe7 21. Nd5 Qe6 22. Ng5 Qd6 23. Rxc8 Bxc8 24. Qa7 Nd7 25. Ne3 Qg6 26. Nf3 Qxe4 27. Qc7 Rf8 28. Rxd7 Bxd7 29. Qxd7 Qb1+ 30. Kh2 Qxb2 31. Nd5 e4 32. Nd4 Qxf2 33. Nf5 b4 34. Qd6 Qb2 35. Nde7+ Kh8 36. Ng6+ hxg6 37. Qxf8+ Kh7 38. Ng3 f5 39. Qd6 a5 40. h4 Qxa2 41. h5 Qf7 42. Qc5 Qf6 43. hxg6+ Kxg6 44. Kg1 Qa1+ 45. Kh2 Qf6 46. Kg1 b3 47. Qxa5 b2 48. Qb5 Qd4+ 49. Kh2 Qf2 50. Qe8+ Kf6 51. Qd8+ Ke6 52. Qg8+ Kd6 53. Qd8+ Kc6 54. Qc8+ Kb5 55. Qb7+ Kc4 56. Qa6+ Kb3 57. Qb5+ Kc2 58. Qa4+ Kc1 59. Qc4+ Kd1 60. Qa4+ Qc2 61. Qd4+ Qd2 62. Qa4+ Ke1 63. Qb5 Kd1 64. Qa4+ Qc2 65. Qd4+ Kc1 66. Qg1+ Qd1 67. Qc5+ Kb1 68. Qxf5 Kc1 69. Qc5+ Qc2 70. Qg1+ Qd1 1/2-1/2

[Event "Marshall CC Premier 04-2025"]
[Site "New York"]
[Date "2025.04.05"]
[Round "3.4"]
[White "Marzouq, Chowdhury"]
[Black "Dong, Kyle Qiyu"]
[Result "*"]
[Annotator "RC"]
[ECO "D02"]
[WhiteElo "1983"]
[BlackElo "2006"]
[PlyCount "98"]
[EventDate "2025.01.03"]
[EventType "swiss"]
[EventCountry "USA"]
[SourceTitle "playchess.com"]
[Source "ChessBase"]
[SourceQuality "1"]
[TimeControl "5400+30"]

1. d4 d5 2. Nf3 Nf6 3. Bf4 c5 4. e3 Nc6 5. Nbd2 e6 6. c3 cxd4 7. exd4 Nh5 8. Be3 Bd6 9. Bd3 Nf4 10. Bxf4 Bxf4 11. O-O O-O 12. Re1 Bd6 13. Ne5 Qc7 14. Ndf3 f6 15. Nxc6 bxc6 16. c4 Rb8 17. Qc2 g6 18. c5 Bf4 19. g3 Bh6 20. Rab1 Bg7 21. b4 e5 22. Bf1 Bf5 23. Qa4 Bxb1 24. Rxb1 e4 25. Nd2 f5 26. b5 f4 27. bxc6 Rxb1 28. Nxb1 fxg3 29. hxg3 Qf7 30. f4 exf3 31. Nc3 f2+ 32. Kh2 Kh8 33. Nb5 g5 34. Qd1 Qe6 35. Nd6 g4 36. Kg2 Qg6 37. Be2 Qh5 38. Qh1 f1=Q+ 39. Bxf1 Qg5 40. Be2 Bxd4 41. Qe1 Bxc5 42. Nb7 Bb6 43. a4 Qh5 44. Bxg4 Qxg4 45. Nd6 Qg6 46. Qe5+ Qf6 47. Qxf6+ Rxf6 48. a5 Rxd6 49. axb6 axb6 *

[Event "Marshall CC Premier 04-2025"]
[Site "New York"]
[Date "2025.04.06"]
[Round "3.5"]
[White "Shen, Leo Xiaohang"]
[Black "Tse, Whitney"]
[Result "0-1"]
[Annotator "ChessBase"]
[ECO "B22"]
[WhiteElo "1998"]
[BlackElo "1951"]
[PlyCount "128"]
[EventDate "2025.01.03"]
[EventType "swiss"]
[EventCountry "USA"]
[SourceTitle "playchess.com"]
[Source "ChessBase"]
[SourceQuality "1"]
[TimeControl "5400+30"]

1. e4 c5 2. a3 e6 3. c3 Nf6 4. e5 Nd5 5. d4 cxd4 6. cxd4 d6 7. Nf3 Bd7 8. Bd3 Bc6 9. O-O Nd7 10. Re1 dxe5 11. dxe5 Be7 12. Nd4 Qc7 13. Nxc6 bxc6 14. Qe2 Bc5 15. Kh1 Bd4 16. f4 Rb8 17. Ra2 Nc5 18. Bc2 Nd7 19. Qf3 Qa5 20. Bd2 Qa6 21. Nc3 Nxc3 22. Bxc3 Qc4 23. Raa1 Bxc3 24. bxc3 g6 25. Red1 Nb6 26. Rd4 Qc5 27. Rad1 O-O 28. a4 Nc4 29. Be4 Nb2 30. Rc1 Rb3 31. h3 Ra3 32. Bxc6 Rc8 33. Rb4 Qxb4 34. cxb4 Rxf3 35. gxf3 Nd3 36. Rc4 Nxb4 37. Bb5 Rxc4 38. Bxc4 Nd5 39. Bxd5 exd5 40. Kg1 Kf8 41. Kf2 Ke7 42. Ke3 Kd7 43. Kd3 Kc7 44. a5 Kc6 45. Kd4 a6 46. h4 h6 47. Kd3 Kc5 48. Kc3 d4+ 49. Kb3 h5 50. Kc2 Kc4 51. f5 gxf5 52. f4 d3+ 53. Kb2 Kd4 54. Kb3 Ke3 55. Kc4 d2 56. Kc5 d1=Q 57. Kb6 Qd3 58. Kb7 Qc4 59. Ka7 Kd4 60. e6 fxe6 61. Kb6 Kd5 62. Kb7 Qc6+ 63. Kb8 Qd7 64. Ka8 Kc6 0-1

[Event "Marshall CC Premier 04-2025"]
[Site "New York"]
[Date "2025.04.06"]
[Round "3.6"]
[White "Stancil, Kimani"]
[Black "Klenoff, Caleb"]
[Result "1-0"]
[Annotator "RC"]
[ECO "C18"]
[WhiteElo "1919"]
[BlackElo "2141"]
[PlyCount "41"]
[EventDate "2025.01.03"]
[EventType "swiss"]
[EventCountry "USA"]
[SourceTitle "playchess.com"]
[Source "ChessBase"]
[SourceQuality "1"]
[TimeControl "5400+30"]

1. e4 e6 2. d4 d5 3. Nc3 Bb4 4. e5 c5 5. a3 Bxc3+ 6. bxc3 Ne7 7. Ne2 Qc7 8. g3 b6 9. Bh3 Ba6 10. O-O Nbc6 11. Be3 Bxe2 12. Qxe2 cxd4 13. cxd4 Na5 14. f4 g6 15. g4 h5 16. f5 hxg4 17. fxe6 gxh3 18. exf7+ Kf8 19. Bg5 Qc3 20. Rad1 Rh5 21. Qxh5 1-0

[Event "Marshall CC Premier 04-2025"]
[Site "New York"]
[Date "2025.04.06"]
[Round "3.7"]
[White "Cheung, Kyle"]
[Black "Marsh, James J"]
[Result "1/2-1/2"]
[Annotator "RC"]
[ECO "C02"]
[WhiteElo "1934"]
[BlackElo "2058"]
[PlyCount "114"]
[EventDate "2025.01.03"]
[EventType "swiss"]
[EventCountry "USA"]
[SourceTitle "playchess.com"]
[Source "ChessBase"]
[SourceQuality "1"]
[TimeControl "5400+30"]

1. e4 e6 2. d4 d5 3. e5 c5 4. c3 Nc6 5. Nf3 Bd7 6. a3 c4 7. g3 Na5 8. Nbd2 Bc6 9. h4 Qd7 10. Bh3 Ba4 11. Qe2 O-O-O 12. O-O Kb8 13. Re1 h6 14. Nf1 Nb3 15. Rb1 Nxc1 16. Rexc1 Ne7 17. Ne3 Nc6 18. Nd2 Be7 19. Rf1 Rdg8 20. Nf3 Bd8 21. Kh2 Bc7 22. Nd2 Bd8 23. Rg1 Re8 24. f4 g6 25. Nf3 Reg8 26. Rg2 h5 27. Rgg1 a6 28. Qd2 Ka7 29. Bf1 Be7 30. Be2 Rc8 31. Bd1 Na5 32. Qe1 Rc7 33. Nf1 Rhc8 34. N1d2 Ka8 35. Qe2 Rh8 36. Re1 Rb8 37. Bxa4 Qxa4 38. Rec1 Ka7 39. Ne1 Rbc8 40. Kg2 Ka8 41. Nc2 Nb3 42. Nxb3 Qxb3 43. Qd2 Ka7 44. Qd1 Rb8 45. Ne3 Qxd1 46. Rxd1 b5 47. Kf3 a5 48. Ra1 Kb7 49. Ke2 Kc6 50. Kd2 Ra7 51. Rdb1 Rba8 52. Kc2 b4 53. a4 Rb7 54. Nf1 Rab8 55. Nd2 Kd7 56. Nf3 Ke8 57. Nd2 Kd7 1/2-1/2

[Event "Marshall CC Premier 04-2025"]
[Site "New York"]
[Date "2025.04.06"]
[Round "3.8"]
[White "Chin, Spencer"]
[Black "Li, Mason J"]
[Result "1/2-1/2"]
[Annotator "RC"]
[ECO "E70"]
[WhiteElo "2084"]
[BlackElo "1823"]
[PlyCount "74"]
[EventDate "2025.01.03"]
[EventType "swiss"]
[EventCountry "USA"]
[SourceTitle "playchess.com"]
[Source "ChessBase"]
[SourceQuality "1"]
[TimeControl "5400+30"]

1. d4 Nf6 2. c4 g6 3. Nc3 Bg7 4. e4 d6 5. Nge2 h5 6. Bg5 Nc6 7. Qd2 a6 8. f4 Nh7 9. Bh4 O-O 10. d5 Na5 11. Nc1 c5 12. Bd3 b5 13. O-O Nxc4 14. Bxc4 bxc4 15. N1e2 Bf6 16. Bxf6 Nxf6 17. e5 dxe5 18. fxe5 Ng4 19. Qg5 Qc7 20. d6 exd6 21. h3 Nxe5 22. Nd5 Qd8 23. Nf6+ Kg7 24. Nxh5+ Kh7 25. Nf6+ Kg7 26. Nh5+ Kh7 27. Nf6+ Kg7 28. Nf4 Rh8 29. N6h5+ Kh7 30. Nf6+ Kg7 31. N4h5+ Kf8 32. Nh7+ Ke8 33. N5f6+ Ke7 34. Ng4+ Ke8 35. Nhf6+ Kf8 36. Nh7+ Ke8 37. Nhf6+ Kf8 1/2-1/2

[Event "Marshall CC Premier 04-2025"]
[Site "New York"]
[Date "2025.04.06"]
[Round "3.9"]
[White "Yu, Vincent Zhiwen"]
[Black "Schaefer, Sasha Milo"]
[Result "0-1"]
[Annotator "RC"]
[ECO "B12"]
[WhiteElo "1885"]
[BlackElo "2050"]
[PlyCount "74"]
[EventDate "2025.01.03"]
[EventType "swiss"]
[EventCountry "USA"]
[SourceTitle "playchess.com"]
[Source "ChessBase"]
[SourceQuality "1"]
[TimeControl "5400+30"]

1. e4 c6 2. d4 d5 3. e5 c5 4. c3 Nc6 5. Be2 cxd4 6. cxd4 Bf5 7. Nf3 e6 8. O-O Nge7 9. Nc3 Bg4 10. Nh4 Bxe2 11. Nxe2 Ng6 12. Nf3 Be7 13. Be3 O-O 14. Rc1 Rc8 15. Qd2 Qd7 16. Rfd1 Rfd8 17. Nf4 Nxf4 18. Bxf4 b6 19. Bg5 f6 20. exf6 gxf6 21. Bh4 Rf8 22. Qh6 Rf7 23. Rc3 Bf8 24. Qh5 Ne7 25. Re1 Rxc3 26. bxc3 Nf5 27. Qg4+ Ng7 28. Qf4 Bd6 29. Qe3 Qa4 30. Qd2 b5 31. g4 Qc4 32. g5 fxg5 33. Nxg5 Bf4 34. Qb2 Rf6 35. Nf3 Rf5 36. Kg2 Qd3 37. Bg3 Qxf3+ 0-1

[Event "Marshall CC Premier 04-2025"]
[Site "New York"]
[Date "2025.04.06"]
[Round "3.10"]
[White "Saxena, Vihaan"]
[Black "Kurup, Siddharth"]
[Result "1/2-1/2"]
[Annotator "ChessBase"]
[ECO "A13"]
[WhiteElo "1913"]
[BlackElo "1965"]
[PlyCount "57"]
[EventDate "2025.01.03"]
[EventType "swiss"]
[EventCountry "USA"]
[SourceTitle "playchess.com"]
[Source "ChessBase"]
[SourceQuality "1"]
[TimeControl "5400+30"]

1. Nf3 d5 2. e3 e6 3. c4 Nf6 4. Nc3 Be7 5. b3 O-O 6. Bb2 c5 7. cxd5 exd5 8. d4 Nc6 9. Be2 Bg4 10. O-O Re8 11. Rc1 Bxf3 12. Bxf3 cxd4 13. exd4 Rc8 14. Re1 Qd7 15. Qd3 Bd6 16. g3 Bb8 17. Kg2 h6 18. Rxe8+ Rxe8 19. a3 g6 20. Qb5 Nxd4 21. Qxd7 Nxd7 22. Bxd5 Nb6 23. Rd1 Be5 24. Re1 Kf8 25. Bxb7 Nxb3 26. Bc6 Rc8 27. Rxe5 Rxc6 28. Re2 Nc4 29. Nd5 1/2-1/2